 Dungeon Crawl Stone Soup version 0.19.0-26-g9e9c210 (webtiles) character file.

147 pichaelthompson the Cudgeler (level 5, -2/39 HPs)
             Began as a Demonspawn Gladiator on Nov 23, 2016.
             Was a Believer of Cheibriados.
             Killed from afar by an orc wizard (10 damage)
             ... with a puff of frost
             ... on level 3 of the Dungeon.
             The game lasted 00:11:51 (2795 turns).

pichaelthompson the Cudgeler (Demonspawn Gladiator) Turns: 2795, Time: 00:11:52

Health: -2/39      AC: 12    Str: 20    XL:     5   Next: 8%
Magic:  0/5        EV:  9    Int: 18    God:    Cheibriados [**....]
Gold:   113        SH:  0    Dex: 17    Spells: 0 memorised, 4 levels left

rFire  . . .     SeeInvis .     a - +0 flail
rCold  . . .     Gourm    .     v - +0 chain mail
rNeg   + . .     Faith    .     (no shield)
rPois  .         Spirit   +     c - +0 helmet
rElec  .         Reflect  .     (no cloak)
rCorr  .         Harm     .     p - +0 pair of gloves
MR     .....                    (no boots)
Stlth  ..........               (no amulet)
                                h - ring of positive energy
                                m - +4 ring of intelligence

@: very slow
A: iridescent scales 1, magic shield
a: Bend Time, Renounce Religion


You were on level 3 of the Dungeon.
You worshipped Cheibriados.
Cheibriados was pleased with you.
You were not hungry.

You visited 1 branch of the dungeon, and saw 3 of its levels.

You collected 113 gold pieces.

Inventory:

Hand Weapons
 a - a +0 flail (weapon)
Missiles
 d - 3 throwing nets (quivered)
Armour
 c - a +0 helmet (worn)
 p - a +0 pair of gloves (worn)
 v - a +0 chain mail (worn)
Jewellery
 h - a ring of positive energy (right hand)
 m - a +4 ring of intelligence (left hand)
Scrolls
 b - a scroll of identify
 e - a scroll of amnesia {unknown}
 g - a scroll of recharging {unknown}
 j - a scroll of immolation {unknown}
 o - 2 scrolls of enchant weapon {unknown}
 q - a scroll of enchant armour {unknown}
 u - a scroll of remove curse {unknown}
Potions
 i - a potion of brilliance
 l - a potion of flight
 n - a potion of mutation {unknown}
 r - 2 potions of invisibility {unknown}
Comestibles
 f - 3 bread rations
 s - 2 meat rations
 t - 2 chunks of flesh


   Skills:
 + Level 2.6 Fighting
 + Level 4.1 Maces & Flails
 + Level 2.0 Throwing
 + Level 1.0 Armour
 + Level 3.3 Dodging
 + Level 0.2 Stealth


You had 4 spell levels left.
You didn't know any spells.

Dungeon Overview and Level Annotations

Branches:
Dungeon (3/15)

Altars:
Cheibriados
Yredelemnul


Innate Abilities, Weirdness & Mutations

You are partially covered in iridescent scales. (AC +2)
When hurt, damage is shared between your health and your magic reserves.


Message History

The orc wizard barely misses you.
The orc wizard hits you but does no damage. x3
You hit the orc wizard.
The orc wizard is lightly wounded.
The orc wizard casts a spell at you. The puff of frost hits you!
The orc wizard misses you.
Some of the chunks of flesh in your inventory have rotted away.
You hit the orc wizard.
The orc wizard is heavily wounded.
The orc wizard closely misses you. The orc wizard casts a spell at you.
The magic dart hits you!
* * * LOW HITPOINT WARNING * * *
The orc wizard barely misses you.
You barely miss the orc wizard.
The orc wizard is heavily wounded.
The orc wizard casts a spell.
The orc wizard gestures at you while chanting.
The puff of frost hits you!
You die...

#### ...
.####.###
........#######
....8.)@.)รท...#
...8.8oo.####.#
..8._.8.## #.#
...8.8..# #.# #
....8...#
#.####### .
........#
#.......#
.......##
#######.# ##
......# #.# .
.....#
############.####


You could see 2 orc wizards.

Vanquished Creatures
  An orc priest (D:3)
  6 adders
  A worm (D:3)
  A dart slug (D:1)
  A leopard gecko (D:1)
  2 orcs
  5 ball pythons
  3 giant cockroaches
  5 goblins
  5 hobgoblins
  4 jackals (D:1)
  A quokka (D:2)
  6 bats
  6 frilled lizards
  6 kobolds
  5 rats
58 creatures vanquished.

Notes
Turn   | Place    | Note
-------+----------+-------------------------------------------
     0 | D:1      | pichaelthompson the Demonspawn Gladiator began the quest for the Orb.
     0 | D:1      | Reached XP level 1. HP: 16/16 MP: 1/1
    97 | D:1      | Reached skill level 3 in Maces & Flails
    97 | D:1      | Gained mutation: You are partially covered in iridescent scales. (AC +2) [demonic ancestry]
    97 | D:1      | Reached XP level 2. HP: 9/22 MP: 2/2
   793 | D:1      | Found a snail-covered altar of Cheibriados.
   823 | D:1      | Became a worshipper of Cheibriados the Contemplative
  1055 | D:1      | Reached XP level 3. HP: 27/27 MP: 3/3
  1740 | D:2      | Reached * piety under Cheibriados
  1814 | D:2      | Gained mutation: When hurt, damage is shared between your health and your magic reserves. [demonic ancestry]
  1814 | D:2      | Reached XP level 4. HP: 31/34 MP: 4/4
  2224 | D:3      | Found a basalt altar of Yredelemnul.
  2627 | D:3      | Found a faded altar of an unknown god.
  2651 | D:3      | Reached ** piety under Cheibriados
  2651 | D:3      | Reached skill level 4 in Maces & Flails
  2662 | D:3      | Reached skill level 1 in Armour
  2662 | D:3      | Reached XP level 5. HP: 4/39 MP: 1/5
  2795 | D:3      | Killed from afar by an orc wizard

Skill      XL: |  1  2  3  4 |
---------------+-------------+-----
Throwing       | 2 |  2.0
Maces & Flails | 3 4 |  4.1
Dodging        | 3 |  3.3
Armour         | 1 |  1.0
Fighting       | |  2.6
Stealth        | |  0.2

Action                   |  1- 3 |  4- 6 || total
-------------------------+-------+-------++-------
Melee: Flail             |   152 |    85 ||   237
  Use: Scroll            |       |     3 ||     3
       Potion            |       |     2 ||     2
  Eat: Meat ration       |     1 |       ||     1
       Chunk             |     1 |       ||     1
Armor: Leather armour    |    52 |       ||    52
       Ring mail         |    28 |    12 ||    40
       Chain mail        |       |    61 ||    61
Dodge: Dodged            |   148 |    54 ||   202
